 Dungeon Crawl Stone Soup version 0.22-a0-197-g4ac3794 (webtiles) character file.

2081 varam the Conjurer (level 9, -12/53 HPs)
             Began as an Octopode Fire Elementalist on Feb 17, 2018.
             Was a Believer of Makhleb.
             Mangled by an orc warrior (16 damage)
             ... in a bailey.
             The game lasted 00:39:27 (7147 turns).

varam the Conjurer (Octopode Fire Elementalist)     Turns: 7147, Time: 00:39:27

Health: -12/53     AC:  1    Str:  7    XL:     9   Next: 27%
Magic:  6/14       EV: 13    Int: 21    God:    Makhleb [**....]
Gold:   398        SH:  0    Dex: 12    Spells: 3/14 levels left

rFire    + + .     SeeInvis .   (no weapon)
rCold    x . .     Gourm    .   (no shield)
rNeg     . . .     Faith    .   (helmet restricted)
rPois    .         Spirit   .   f - amulet of regeneration
rElec    .         Reflect  .   s - ring of fire
rCorr    .         Harm     .   z - ring of protection from fire (curse)
MR       .....                  (no ring)
Stlth    ++++......             (no ring)
HPRegen  0.57/turn              (no ring)
MPRegen  0.14/turn              (no ring)
                                (no ring)
                                (no ring)

@: no status effects
A: almost no armour, stealthy swim, amphibious, 8 rings, constrict 8, camouflage
1, gelatinous body 1
a: Minor Destruction, Renounce Religion


You were in a bailey.
You worshipped Makhleb.
Makhleb was pleased with you.
You were near starving.

You visited 2 branches of the dungeon, and saw 10 of its levels.
You also visited: Bailey.

You collected 398 gold pieces.

Inventory:

Hand Weapons
 i - a +0 hunting sling
 u - a +2 hunting sling of flaming
Missiles
 j - 16 sling bullets
 t - 4 tomahawks (quivered)
Armour
 m - a +0 buckler
Jewellery
 f - an amulet of regeneration (around mantle)
 s - a ring of fire (left tentacle)
 z - a cursed ring of protection from fire (right tentacle)
Wands
 d - a wand of random effects (2)
Scrolls
 c - a scroll of immolation {unknown}
 e - 2 scrolls of enchant armour
 g - a scroll of magic mapping
 h - a scroll of blinking {unknown}
 k - 6 scrolls of remove curse
 l - a scroll of amnesia
 n - 6 scrolls of teleportation
 o - a scroll of fog {unknown}
 w - a scroll of enchant weapon
 A - a scroll of random uselessness {unknown}
 B - a scroll of identify
Potions
 p - 3 potions of haste
 q - a potion of ambrosia
 r - 2 potions of might
 v - 2 potions of agility {unknown}
 x - a potion of berserk rage {unknown}
 C - a potion of resistance {unknown}
 E - 2 potions of brilliance
 F - a potion of curing {unknown}
Books
 a - a book of Flames

   Spells                             Type                      Level
   a - Flame Tongue                   Conjuration/Fire             1
   b - Throw Flame                    Conjuration/Fire             2
   c - Conjure Flame                  Conjuration/Fire             3
   d - Inner Flame                    Hexes/Fire                   3
   e - Sticky Flame                   Conjuration/Fire             4
   f - Fireball                       Conjuration/Fire             5
 y - a book of Changes

   Spells                             Type                      Level
   a - Beastly Appendage              Transmutation                1
   b - Sticks to Snakes               Transmutation                2
   c - Spider Form                    Transmutation/Poison         3
   d - Ice Form                       Ice/Transmutation            4
   e - Blade Hands                    Transmutation                5
 D - a book of Necromancy

   Spells                             Type                      Level
   a - Pain                           Necromancy                   1
   b - Animate Skeleton               Necromancy                   1
   c - Vampiric Draining              Necromancy                   3
   d - Regeneration                   Charms/Necromancy            3
   e - Animate Dead                   Necromancy                   4
Comestibles
 b - 6 rations


   Skills:
 + Level 1.1 Fighting
 - Level 2.0 Dodging
 - Level 4.0 Stealth
 - Level 4.9 Shields
 + Level 3.3 Spellcasting
 + Level 7.2 Conjurations
 + Level 6.6 Fire Magic
 + Level 3.5 Invocations


You had 3 spell levels left.
You knew the following spells:

 Your Spells              Type           Power        Failure   Level  Hunger
a - Flame Tongue          Conj/Fire      #####        1%          1    None
b - Throw Flame           Conj/Fire      #####.       1%          2    ##.....
c - Inner Flame           Hex/Fire       ####....     10%         3    ###....
d - Sticky Flame          Conj/Fire      #####...     8%          4    ####...
e - Beastly Appendage     Tmut           #.....       13%         1    None


Dungeon Overview and Level Annotations

Branches:
Dungeon (9/15)             Temple (1/1) D:4
   Lair: D:8-11         Orc: D:9-12

Altars:
Ashenzari
Cheibriados
Dithmenos
Elyvilon
Fedhas
Gozag
Hepliaklqana
Kikubaaqudgha
Makhleb
Nemelex Xobeh
Okawaru
Qazlal
Ru
Sif Muna
Trog
Uskayaw
Vehumet
Wu Jian
Xom
Yredelemnul
Zin
The Shining One

Shops:
D:6 :


Innate Abilities, Weirdness & Mutations

You cannot wear most types of armour.
You are very stealthy in the water. (Stealth+)
You are amphibious.
You can wear up to eight rings at the same time.
You can use your tentacles to constrict eight enemies at once.
Your skin changes colour to match your surroundings (Stealth+).
Your rubbery body absorbs attacks. (AC +1, EV +1)


Message History

* * * LOW HITPOINT WARNING * * *
Casting: Sticky Flame (safe; 8% risk of failure)
Confirm with . or Enter, or press ? or * to list all spells.
Aiming: Throw Flame (safe; 1% risk of failure)
Press: ? - help, Shift-Dir - straight line, f/p - orc warrior
Aim: an orc warrior, wearing a scale mail (heavily wounded, covered in liquid flames)
You feel a surge of power!
The puff of flame hits the orc warrior.
The orc warrior is severely wounded.
You are near starving!
The orc warrior burns!
The orc warrior hits you!
* * * LOW HITPOINT WARNING * * *
Casting: Throw Flame (safe; 1% risk of failure)
Confirm with . or Enter, or press ? or * to list all spells.
Aiming: Throw Flame (safe; 1% risk of failure)
Press: ? - help, Shift-Dir - straight line, f/p - orc warrior
Aim: an orc warrior, wearing a scale mail (almost dead, covered in liquid flames)
You feel a surge of power!
The puff of flame misses the orc warrior.
The orc warrior burns!
The orc warrior hits you!
You die...

....................#
....................#
........≈≈≈≈≈.......#
.......≈≈#.#≈≈......#
.......≈##.##≈......#
.......≈..^..(......#
.......≈#∩)##(......#
###....≈≈#(#(≈......#
#.....≈≈≈(@o......#
#.......).........#
#.................#
#..##....(........#
##. #......(......# +
#.............#
#..)).........#
#.............#
##.............#


You could see an orc warrior (burning).

Vanquished Creatures
  A hippogriff (D:7)
  A wyvern (D:6)
  2 yaks
  An orc warrior (Bailey)
  An ice beast (D:5)
  A phantom (D:5)
  A centaur (D:5)
  3 ogres
  A scorpion (D:6)
  A jelly (D:5)
  2 bullfrog zombies (D:6)
  3 crimson imps
  3 hounds
  Natasha (twice) (D:3)
  An iguana (D:4)
  7 worker ants
  3 hound skeletons
  2 howler monkey skeletons
  2 adders
  3 shadow imps (D:5)
  An ooze (D:4)
  6 worms
  2 dart slugs
  4 leopard geckos
  19 orcs
  8 giant cockroaches
  9 goblins
  7 hobgoblins
  14 jackals
  9 quokkas
  6 bats
  6 frilled lizards
  A giant cockroach zombie (D:5)
  5 kobolds
  A leopard gecko zombie (D:7)
  10 rats
149 creatures vanquished.

Notes
Turn   | Place    | Note
-------+----------+-------------------------------------------
     0 | D:1      | varam the Octopode Fire Elementalist began the quest for the Orb.
     0 | D:1      | Reached XP level 1. HP: 11/11 MP: 3/3
    69 | D:1      | You fall through a shaft!
    84 | D:2      | HP: 1/11 [jackal (3)]
    94 | D:2      | Found a sacrificial altar of Ru.
   121 | D:2      | HP: 1/11 [kobold (1)]
   448 | D:2      | Reached XP level 2. HP: 5/17 MP: 0/5
   752 | D:3      | Reached skill level 2 in Conjurations
   801 | D:3      | Learned a level 2 spell: Throw Flame
   860 | D:3      | Noticed Natasha
   971 | D:2      | Reached XP level 3. HP: 20/21 MP: 0/6
   981 | D:2      | Learned a level 3 spell: Inner Flame
  1088 | D:2      | Found a faded altar of an unknown god.
  1091 | D:1      | Reached skill level 3 in Stealth
  1407 | D:1      | Reached skill level 4 in Stealth
  1472 | D:1      | Reached XP level 4. HP: 24/27 MP: 3/7
  2213 | D:3      | Reached skill level 3 in Conjurations
  2446 | D:3      | Reached XP level 5. HP: 31/31 MP: 0/8
  2521 | D:3      | Reached skill level 4 in Fire Magic
  2543 | D:3      | Found a burning altar of Makhleb.
  2543 | D:3      | Noticed a balrug
  2546 | D:3      | Noticed a ynoxinul
  2546 | D:3      | Noticed an orange demon
  2587 | D:3      | Killed Natasha
  2736 | D:3      | Noticed Natasha
  2746 | D:3      | Killed Natasha
  2758 | D:4      | Noticed a phantom
  2814 | D:4      | Found a staircase to the Ecumenical Temple.
  2819 | Temple   | Entered the Ecumenical Temple
  3024 | Temple   | Became a worshipper of Makhleb the Destroyer
  3053 | D:4      | Found a hide-covered altar of Uskayaw.
  3068 | D:4      | Reached skill level 3 in Spellcasting
  3194 | D:4      | Learned a level 4 spell: Sticky Flame
  3269 | D:4      | Reached XP level 6. HP: 36/36 MP: 2/10
  3439 | D:4      | Found a stormy altar of Qazlal.
  3601 | D:5      | Entered Level 5 of the Dungeon
  3637 | D:4      | Found a sacrificial altar of Ru.
  3853 | D:5      | Found an ancient bone altar of Kikubaaqudgha.
  3947 | D:5      | Noticed a phantom
  4013 | D:5      | Reached skill level 4 in Conjurations
  4013 | D:5      | Reached skill level 5 in Fire Magic
  4194 | D:6      | Learned a level 1 spell: Beastly Appendage
  4230 | D:6      | Reached XP level 7. HP: 37/41 MP: 5/11
  4233 | D:6      | Noticed a wyvern
  4242 | D:6      | Killed a wyvern
  4242 | D:6      | Reached skill level 5 in Conjurations
  4666 | D:5      | Reached skill level 6 in Conjurations
  4696 | D:5      | Reached * piety under Makhleb
  4755 | D:5      | Reached skill level 6 in Fire Magic
  4755 | D:5      | Reached XP level 8. HP: 36/46 MP: 0/12
  4884 | D:5      | Found a shadowy altar of Dithmenos.
  4896 | D:5      | Found a glowing golden altar of the Shining One.
  4896 | D:5      | Found a bloodstained altar of Trog.
  5241 | D:6      | Reached skill level 7 in Conjurations
  5264 | D:6      | Found Tomurghe's Book Shop.
  5478 | D:6      | Reached skill level 1 in Shields
  5503 | D:6      | Reached skill level 1 in Invocations
  5746 | D:7      | Noticed a yak
  5746 | D:7      | Noticed a yak
  5746 | D:7      | Noticed a yak
  5824 | D:7      | Noticed a yak
  5830 | D:7      | Noticed a yak
  5837 | D:6      | Killed a yak
  5837 | D:6      | Reached skill level 2 in Shields
  5837 | D:6      | Reached skill level 2 in Invocations
  5917 | D:6      | Found a glowing silver altar of Zin.
  5968 | D:6      | Reached skill level 3 in Invocations
  6114 | D:7      | Reached skill level 3 in Shields
  6133 | D:7      | Found a shadowy altar of Dithmenos.
  6251 | D:7      | Found a radiant altar of Vehumet.
  6361 | D:7      | Noticed a hippogriff
  6415 | D:7      | Killed a hippogriff
  6415 | D:7      | Reached skill level 4 in Shields
  6415 | D:7      | Reached XP level 9. HP: 7/51 MP: 1/13
  6619 | D:8      | Found a flagged portal.
  6626 | Bailey   | Entered a bailey
  6973 | Bailey   | HP: 4/52 [orc/bolt (16)]
  6974 | Bailey   | Reached ** piety under Makhleb
  7056 | Bailey   | Reached skill level 1 in Fighting
  7146 | Bailey   | HP: 4/53 [orc warrior (7)]
  7147 | Bailey   | Mangled by an orc warrior

Vault maps used:
D:1:      minmay_arrival_hallway
D:2:      chequers_ecumenical_altar_simple, nicolae_ru_awakened_eye
D:3:      grunt_ministairs_9, columned_hall_lemuel, makhleb_altar_promises_db,
          uniq_natasha
D:4:      kennysheep_mini_moat, old_standard_altar, kennysheep_little_box,
          first_ration
D:5:      lemuel_doored_altar, grunt_temple_overflow_diamond
D:6:      zin_treasury, serial_shops, shop, hangedman_decor_clover_reticule
D:7:      fiery_altar_vehumet, nicolae_dithmenos_the_darkroom
D:8:      serial_shops, nicolae_shop_temple_entry_statues_fountains,
          basic_altar, enter_bailey_2
D:9:      lair_entry_dummy, grunt_livestock, minmay_liquid_box, uniq_maurice
Temple:   nicolae_temple_figure_eight
Bailey:   bailey_polearm_2, bailey

Skill      XL: |  1  2  3  4  5  6  7  8  9 |
---------------+----------------------------+-----
Conjurations   | 2 3 4 6 7 |  7.2
Stealth        | 4 |  4.0
Fire Magic     | 4 5 6 |  6.6
Spellcasting   | 3 |  3.3
Shields        | 4 |  4.9
Invocations    | 3 |  3.5
Fighting       | 1 |  1.1
Dodging        | |  2.0

Action                   |  1- 3 |  4- 6 |  7- 9 || total
-------------------------+-------+-------+-------++-------
Melee: Unarmed           |    36 |    47 |    71 ||   154
       Constrict         |     9 |    14 |    11 ||    34
       Tentacles         |     6 |     7 |     9 ||    22
       Kick              |       |       |    10 ||    10
 Cast: Flame Tongue      |    39 |    55 |    30 ||   124
       Throw Flame       |    12 |    50 |    77 ||   139
       Sticky Flame      |       |     1 |    15 ||    16
       Inner Flame       |       |       |     1 ||     1
       Beastly Appendage |       |       |    14 ||    14
Evoke: Wand              |       |       |     3 ||     3
  Use: Scroll            |     2 |       |    11 ||    13
       Potion            |       |     2 |     1 ||     3
 Stab: Sleeping          |     2 |     3 |     1 ||     6
  Eat: Chunk             |     3 |    10 |    10 ||    23
       Ration            |       |     1 |     2 ||     3
Armor: Skin              |    10 |     6 |     3 ||    19
Dodge: Dodged            |    59 |    57 |    81 ||   197

Table legend:
 A = Spawn XP
 B = Non-spawn XP
 C = Spawn XP percentage of total XP
 D = Spawn monster count
 E = Non-spawn monster count
 F = Spawn count percentage of total count
 G = Total turns spent on level
                    A         B        C        D         E        F      G
               +---------+---------+-------+---------+---------+-------+---------
         Total |       0 |    2974 |   0.0 |       0 |     149 |   0.0 |  7147
               +---------+---------+-------+---------+---------+-------+---------
           D:1 |       0 |      42 |   0.0 |       0 |      24 |   0.0 |   796
           D:2 |       0 |      61 |   0.0 |       0 |      25 |   0.0 |  1091
           D:3 |       0 |     148 |   0.0 |       0 |      32 |   0.0 |   912
           D:4 |       0 |     171 |   0.0 |       0 |      15 |   0.0 |   769
           D:5 |       0 |     715 |   0.0 |       0 |      16 |   0.0 |  1177
           D:6 |       0 |     989 |   0.0 |       0 |      18 |   0.0 |   937
           D:7 |       0 |     683 |   0.0 |       0 |      10 |   0.0 |   664
           D:8 |       0 |       3 |   0.0 |       0 |       1 |   0.0 |    47
        Bailey |       0 |     162 |   0.0 |       0 |       8 |   0.0 |   521
               +---------+---------+-------+---------+---------+-------+---------
